Map: Lightshade LE

Players

Solar - Winner!

  • Race: Zerg Zerg
  • League: Master
  • Spawn Location: 11:00

Stats

  • Race: Protoss Protoss
  • League: Grandmaster
  • Spawn Location: 5:00

VOD

Have the link to the VOD?

Description

Time

  • Played on: Jan. 15, 2021, 9 a.m.
  • Length: 10:12
Show
View Real Time Build Order
Export as new Build Order

Solar Zerg - Winner!

Build Orders: Hatch First 

Get SALT Encoding   

  12  0:00  Drone  
  13  0:12  Overlord  
  13  0:17  Drone  
  14  0:30  Drone  
  14  0:31  Drone  
  16  0:48  Hatchery  
  15  0:51  Drone  
  15  0:54  Drone  
  17  0:57  Drone  
  18  1:05  Extractor  
  17  1:14  Spawning Pool  
  17  1:16  Drone  
  17  1:20  Drone  
  18  1:27  Drone  
  19  1:39  Drone  
  20  1:49  Overlord  
  20  2:00  Queen x2  
  20  2:01  Zergling x2  
  25  2:03  Zergling x2  
  25  2:08  Metabolic Boost  
  26  2:12  Drone  
  26  2:15  Drone  
  28  2:22  Drone x2  
  30  2:36  Hatchery  
  29  2:40  Zergling x2  
  29  2:41  Drone  
  31  2:48  Queen  
  33  2:52  Overlord  
  33  2:54  Drone  
  33  2:58  Drone  
  35  3:00  Drone  
  35  3:04  Spore Crawler  
  35  3:12  Drone x3  
  38  3:13  Drone  
  38  3:14  Drone x3  
  38  3:18  Overlord  
  42  3:28  Queen  
  42  3:33  Overlord, Spore Crawler  
  43  3:38  Drone  
  43  3:39  Zergling x4  
  43  3:41  Zergling x2  
  47  3:45  Spore Crawler  
  47  3:46  Drone x2  
  48  3:51  Queen  
  48  3:53  Zergling x2  
  51  3:57  Drone  
  51  3:58  Spore Crawler  
  51  4:02  Drone  
  52  4:03  Drone x3  
  52  4:07  Queen  
  57  4:14  Roach Warren  
  57  4:16  Extractor  
  55  4:19  Zergling x2  
  55  4:20  Zergling x4  
  55  4:23  Overlord  
  58  4:25  Drone x2  
  58  4:26  Drone  
  58  4:29  Drone  
  61  4:32  Overlord  
  61  4:35  Overlord  
  61  4:38  Overlord  
  61  4:40  Drone x2  
  63  4:48  Zergling x2  
  62  4:55  Roach  
  62  4:56  Roach x4  
  70  5:00  Roach  
  70  5:03  Roach  
  70  5:05  Roach  
  76  5:10  Roach  
  76  5:12  Zergling x8  
  78  5:23  Zergling x4  
  78  5:26  Zergling x2  
  78  5:27  Zergling x4  
  79  5:30  Zergling x8  
  79  5:31  Overlord  
  79  5:34  Ravager  
  83  5:36  Ravager  
  83  5:37  Zergling x6  
  83  5:40  Zergling x4  
  83  5:42  Drone  
  90  5:48  Overlord  
  90  5:50  Zergling x2  
  90  5:52  Ravager  
  90  5:54  Zergling x2  
  90  5:55  Zergling x6  
  94  6:02  Drone  
  94  6:03  Drone, Ravager  
  97  6:04  Overlord x2  
  97  6:07  Overlord  
  97  6:09  Overlord  
  97  6:14  Zergling x6  
  97  6:17  Ravager  
  101  6:21  Zergling x6  
  98  6:26  Zergling x4  
  91  6:33  Drone x2  
  90  6:41  Drone x3  
  90  6:44  Drone x5  
  90  6:46  Lair  
  93  6:49  Extractor  
  93  6:51  Zergling x4  
  94  6:55  Drone  
  94  6:57  Extractor, Drone  
  94  6:59  Drone  
  96  7:03  Extractor, Roach x2  
  96  7:04  Roach x2  
  96  7:08  Zergling x12  
  105  7:14  Drone x2  
  102  7:21  Overlord  
  103  7:22  Drone  
  103  7:23  Drone  
  103  7:26  Ravager  
  105  7:30  Zergling x2  
  105  7:33  Zergling x4  
  108  7:43  Glial Reconstitution  
  108  7:44  Drone, Overseer  
  107  7:46  Roach x8  
  107  7:49  Drone  
  107  7:50  Drone  
  124  7:56  Roach x4  
  132  8:03  Ravager  
  132  8:04  Ravager  
  132  8:05  Roach x2  
  138  8:11  Overlord  
  138  8:14  Overlord  
  138  8:17  Overlord  
  138  8:18  Overlord  
  138  8:19  Overlord  
  138  8:21  Overlord  
  137  8:28  Overlord  
  137  8:30  Overseer  
  137  8:32  Zergling x14, Ravager x4  
  148  8:35  Overseer  
  148  8:40  Roach x2  
  152  8:44  Roach x3  
  152  8:45  Zergling x2  
  159  8:49  Zergling x12  
  159  8:52  Ravager  
  159  8:53  Zergling x2  
  159  8:54  Zergling x2  
  167  8:59  Zergling x2  
  168  9:03  Zergling x2  
  168  9:05  Ravager x3  
  168  9:06  Zergling x2  
  168  9:09  Zergling x2  
  174  9:15  Zergling x2  
  174  9:16  Zergling x2  
  174  9:17  Zergling x8  
  173  9:19  Zergling x6  
  162  9:24  Ravager x2  
  162  9:27  Zergling x8  
  152  9:32  Roach  
  152  9:36  Roach  
  146  9:40  Roach  
  142  9:47  Roach x8  
  152  9:53  Zergling x2  
  152  9:54  Ravager  
  137  10:08  Hydralisk Den  
Show
View Real Time Build Order
Export as new Build Order

Stats Protoss 

Build Orders: 1 Gate Expand, Oracle Opening 

Get SALT Encoding   

  12  0:00  Probe  
  13  0:13  Pylon  
  13  0:17  Probe (Chrono Boost)  
  14  0:27  Probe (Chrono Boost)  
  15  0:32  Probe (Chrono Boost)  
  16  0:42  Gateway  
  16  0:44  Probe  
  16  0:47  Assimilator  
  17  0:56  Probe  
  18  1:08  Probe  
  19  1:20  Probe  
  20  1:29  Nexus  
  20  1:34  Cybernetics Core  
  20  1:37  Probe  
  21  1:44  Assimilator  
  21  1:49  Probe  
  21  1:53  Pylon  
  22  2:01  Probe  
  23  2:09  Adept (Chrono Boost)  
  23  2:11  Warp Gate  
  23  2:13  Probe  
  26  2:25  Probe  
  27  2:32  Stargate  
  27  2:35  Stalker (Chrono Boost)  
  27  2:40  Probe (Chrono Boost)  
  27  2:42  Probe (Chrono Boost)  
  31  2:50  Probe (Chrono Boost)  
  33  2:52  Probe (Chrono Boost)  
  33  2:55  Probe (Chrono Boost)  
  34  3:01  Adept  
  34  3:02  Probe  
  37  3:08  Gateway  
  37  3:09  Probe  
  38  3:13  Oracle (Chrono Boost)  
  38  3:14  Probe  
  42  3:21  Probe  
  42  3:22  Pylon  
  42  3:24  Pylon  
  43  3:28  Probe  
  43  3:33  Probe  
  45  3:40  Oracle (Chrono Boost)  
  45  3:41  Probe  
  45  3:45  Probe  
  50  3:49  Assimilator  
  50  3:52  Assimilator  
  50  3:53  Probe  
  51  3:57  Probe  
  51  3:59  Robotics Facility  
  52  4:04  Pylon  
  52  4:05  Probe  
  52  4:06  Adept  
  52  4:07  Adept  
  58  4:10  Probe  
  58  4:26  Nexus  
  58  4:29  Pylon  
  58  4:32  Probe x2  
  58  4:34  Sentry x2  
  64  4:44  Pylon, Probe x2  
  64  4:45  Immortal (Chrono Boost)  
  66  5:00  Sentry  
  66  5:02  Sentry  
  66  5:04  Gateway  
  66  5:05  Gateway  
  66  5:06  Probe x2  
  72  5:17  Warp Prism  
  72  5:18  Probe  
  70  5:25  Sentry  
  70  5:26  Sentry  
  70  5:31  Probe x2  
  72  5:43  Probe x2  
  72  5:46  Probe  
  75  5:52  Immortal (Chrono Boost)  
  75  5:55  Probe  
  75  5:57  Stalker x2  
  80  5:58  Shield Battery  
  80  6:00  Shield Battery  
  80  6:01  Stalker  
  80  6:03  Sentry  
  79  6:07  Shield Battery  
  79  6:11  Shield Battery  
  78  6:12  Pylon  
  78  6:14  Pylon  
  76  6:27  Adept  
  76  6:28  Adept x2  
  76  6:40  Cybernetics Core  
  76  6:42  Gateway  
  76  6:43  Gateway  
  76  6:46  Gateway  
  76  6:49  Zealot x2  
  80  7:07  Gateway  
  72  7:17  Sentry x3  
  72  7:20  Immortal  
  82  7:23  Probe x2  
  82  7:26  Gateway  
  84  7:35  Forge  
  84  7:36  Twilight Council, Nexus  
  84  7:42  Sentry x4  
  91  7:59  Pylon  
  91  8:05  Pylon, Blink  
  91  8:15  Immortal (Chrono Boost)  
  91  8:19  Stalker x3  
  101  8:28  Adept x2  
  101  8:29  Stalker  
  101  8:32  Shield Battery  
  107  8:46  Pylon x2  
  107  8:54  Immortal  
  111  9:04  Stalker x3  
  114  9:11  Sentry x3  
  108  9:27  Stalker  
  108  9:28  Stalker x3  
  94  9:43  Stalker x3  
  90  9:56  Stalker x2  
  90  9:57  Stalker, Zealot  
Tags
 
Add a new tag
Caveats
  • Supply blocks, unpowered buildings, or Contaminate may cause inaccurate times.
  • Supply counts are checked every 10 seconds.